 Dungeon Crawl Stone Soup version 0.17-a0-1711-gc5340a3 (webtiles) character file.

774 kae the Carver (level 7, -7/57 HPs)
             Began as a Minotaur Fighter on Aug 22, 2015.
             Was an Initiate of Okawaru.
             Mangled by a troll (17 damage)
             ... on level 4 of the Dungeon.
             The game lasted 00:03:26 (3638 turns).

kae the Carver (Minotaur Fighter)                   Turns: 3638, Time: 00:03:27

Health: -7/57      AC:  7    Str: 26    XL:     7   Next: 53%
Magic:  6/6        EV:  8    Int:  7    God:    Okawaru [......]
Gold:   137        SH:  9    Dex:  9    Spells: 0 memorised, 6 levels left

rFire  . . .     SeeInvis .     a - +0 long sword
rCold  . . .     Clarity  .     o - +1 ring mail {MR+}
rNeg   . . .     SustAt   .     c - +0 shield
rPois  .         Gourm    .     (helmet restricted)
rElec  .         Spirit   .     (no cloak)
rCorr  .         Warding  .     s - +0 pair of gloves
rMut   .         Stasis   .     (no boots)
MR     +....                    (no amulet)
Stlth  ..........               (no ring)
                                (no ring)

@: mighty, somewhat resistant to hostile enchantments, extremely unstealthy
A: retaliatory headbutt, horns 2
a: Renounce Religion


You were on level 4 of the Dungeon.
You worshipped Okawaru.
Okawaru was noncommittal.
You were not hungry.

You visited 2 branches of the dungeon, and saw 5 of its levels.

You collected 137 gold pieces.

Inventory:

Hand weapons
 a - a +0 long sword (weapon)
Armour
 b - a +0 scale mail
 c - a +0 shield (worn)
 o - a +1 ring mail of magic resistance (worn)
 s - a +0 pair of gloves (worn)
Jewellery
 k - a cursed -3 ring of intelligence {unknown}
 l - a +3 ring of evasion {unknown}
 p - an uncursed ring of positive energy {unknown}
 u - an uncursed ring of magical power {unknown}
 y - an uncursed amulet of warding {unknown}
Magical devices
 v - a wand of flame (19)
 w - a wand of flame (37)
Scrolls
 g - 2 scrolls of enchant weapon {unknown}
 h - 2 scrolls of identify {unknown}
 i - 3 scrolls of remove curse {unknown}
 m - a scroll of amnesia {unknown}
 n - 2 scrolls of noise {unknown}
 A - a scroll of teleportation {unknown}
 C - a scroll of recharging {unknown}
Potions
 d - a potion of might
 e - 4 potions of curing {unknown}
 f - a potion of degeneration {unknown}
 r - a potion of cure mutation {unknown}
 t - a potion of agility {unknown}
 x - a potion of brilliance {unknown}
Comestibles
 j - 5 meat rations
 q - a slice of pizza
 z - 4 bread rations
 B - 4 chunks of flesh


   Skills:
 - Level 3.6 Fighting
 + Level 10.3 Long Blades
 - Level 3.6 Armour
 - Level 3.6 Shields


You had 6 spell levels left.
You didn't know any spells.

Dungeon Overview and Level Annotations

Branches:
Dungeon (4/15)             Temple (1/1) D:4

Altars:
Ashenzari
Cheibriados
Dithmenos
Fedhas
Gozag
Kikubaaqudgha
Makhleb
Nemelex Xobeh
Okawaru
Qazlal
Sif Muna
Trog
Yredelemnul
Zin
The Shining One


Innate Abilities, Weirdness & Mutations

You reflexively headbutt those who attack you in melee.
You have a pair of horns on your head.


Message History

You are too injured to fight recklessly!
You are too injured to fight recklessly!
The troll bites you.
* * * LOW HITPOINT WARNING * * *
You block the troll's attack. x2
Drink which item? (? for menu, Esc to quit)
You feel very mighty all of a sudden. You block the troll's attack.
The troll claws you.
* * * LOW HITPOINT WARNING * * *
You block the troll's attack.
Your shield prevents you from hitting the troll.
Your headbutt misses the troll.
The troll is lightly wounded.
The troll barely misses you. The troll claws you.
* * * LOW HITPOINT WARNING * * *
The troll misses you.
You slash the troll! Your headbutt misses the troll.
The troll is heavily wounded.
The troll bites you!
You die...

#.## #....#.# #.# #... .....#
#....#.###.# ####
#.##.###..........#
#.##............######## #
#.##..............).....
#.#.####............)..######..
............###...#...## #.#
#..........#.).##.## #.#
#.##....o.T@...##.# #.#
#.......######.# #.. ###...###
#.# ### # #...# #.# # #. ##.##
#.# #.##.## #.# #.# ....... #.#
#.# .......###.#########.#
.....................#


You could see a troll and an orc.

Vanquished Creatures
  Sigmund (D:3)
  Eustachio (D:4)
  An ogre (D:3)
  A scorpion (D:4)
  A gnoll shaman (D:2)
  Ijyb (D:3)
  Jessica (D:3)
  Natasha (twice) (D:3)
  6 adders
  9 gnolls
  An ooze (D:2)
  A worm (D:3)
  3 giant geckos
  9 orcs
  5 bats
  4 giant cockroaches (D:2)
  5 goblins
  9 hobgoblins
  9 jackals
  A quokka (D:2)
  2 ball pythons
  3 giant newts
  8 kobolds
  A rat (D:1)
  A plant (D:2)
86 creatures vanquished.

Notes
Turn   | Place    | Note
--------------------------------------------------------------
     0 | D:1      | kae the Minotaur Fighter began the quest for the Orb.
     0 | D:1      | Reached XP level 1. HP: 19/19 MP: 0/0
   248 | D:1      | Reached XP level 2. HP: 26/26 MP: 1/1
   289 | D:1      | Reached skill level 4 in Long Blades
   301 | D:1      | You fall through a shaft!
   316 | D:2      | Reached XP level 3. HP: 15/31 MP: 2/2
  1227 | D:2      | Reached skill level 5 in Long Blades
  1350 | D:2      | Reached XP level 4. HP: 35/39 MP: 3/3
  1661 | D:2      | Reached skill level 6 in Long Blades
  1820 | D:2      | Found a glowing golden altar of the Shining One.
  1847 | D:2      | Reached XP level 5. HP: 33/45 MP: 4/4
  2319 | D:3      | Reached skill level 7 in Long Blades
  2352 | D:3      | Noticed an ogre
  2356 | D:3      | Noticed Ijyb
  2359 | D:3      | Killed an ogre
  2359 | D:3      | Reached XP level 6. HP: 44/51 MP: 5/5
  2362 | D:3      | Killed Ijyb
  2362 | D:3      | Reached skill level 8 in Long Blades
  2414 | D:3      | Noticed Jessica
  2417 | D:3      | Killed Jessica
  2479 | D:3      | Noticed Natasha
  2486 | D:3      | Killed Natasha
  2581 | D:3      | Found a shadowy altar of Dithmenos.
  2588 | D:3      | Noticed Sigmund
  2595 | D:3      | Killed Sigmund
  2595 | D:3      | Reached skill level 9 in Long Blades
  2595 | D:3      | Reached XP level 7. HP: 57/57 MP: 6/6
  2739 | D:3      | Noticed Natasha
  2744 | D:3      | Killed Natasha
  2770 | D:3      | Found a deep blue altar of Sif Muna.
  3026 | D:4      | Noticed Eustachio
  3051 | D:4      | Killed Eustachio
  3051 | D:4      | Reached skill level 10 in Long Blades
  3309 | D:4      | Found a staircase to the Ecumenical Temple.
  3414 | Temple   | Entered the Ecumenical Temple
  3427 | Temple   | Became a worshipper of Warmaster Okawaru
  3622 | D:4      | Noticed a troll
  3638 | D:4      | Mangled by a troll

Vault maps used:
D:1:      minmay_arrival_radiant_lines, minmay_vboxes
D:2:      nicolae_overflow_hidden_temple, serial_forest,
          infiniplex_forest_clump_tiny, infiniplex_forest_corner_1,
          infiniplex_forest_straight_2, infiniplex_forest_lined_3,
          infiniplex_forest_clump_medium, infiniplex_forest_lined_room_2,
          infiniplex_forest_zigzag_1, kennysheep_another_room, corexii_shack
D:3:      nicolae_overflow_crystal_walls, first_bread,
          nicolae_dithmenos_shadow_blocks, uniq_iyjb, uniq_sigmund,
          uniq_jessica, uniq_natasha
D:4:      lemuel_crystal_altar, temple_fountains, uniq_eustachio
Temple:   nicolae_temple_god_jail

Action                   |  1- 3 |  4- 6 |  7- 9 || total
-------------------------+-------+-------+-------++-------
Melee: Long sword        |   104 |   100 |    68 ||   272
  Use: Potion            |       |     1 |     2 ||     3
  Eat: Chunk             |     1 |     4 |     4 ||     9
